 Dungeon Crawl Stone Soup version 0.30-a0-696-g2367cd04db (webtiles) character file.

Game seed: 8362179473800127729

616 pokeman the Magician (level 7, -7/40 HPs)
             Began as a Deep Elf Hedge Wizard on Jan 20, 2023.
             Mangled by an ogre
             ... wielding a +0 giant club
              (19 damage)
             ... on level 4 of the Dungeon.
             The game lasted 00:08:55 (4971 turns).

pokeman the Magician (Deep Elf Hedge Wizard)        Turns: 4971, Time: 00:08:56

Health: -7/40      AC:  4    Str:  7    XL:     7   Next: 21%
Magic:  9/20       EV: 13    Int: 27    God:
Gold:   143        SH:  0    Dex: 14    Spells: 13/21 levels left

rFire   . . .      SeeInvis .    e - +2 dagger (venom)
rCold   . . .      Faith    .    (no shield)
rNeg    . . .      Spirit   .    b - +0 robe
rPois   +          Reflect  .    c - +0 hat
rElec   .          Harm     .    z - +1 cloak
rCorr   .          Rampage  .    (no gloves)
Will    .....                    (no boots)
Stlth   ++                       (no amulet)
HPRegen 0.26/turn                k - +6 ring of intelligence
MPRegen 0.17/turn                r - ring of poison resistance

@: no status effects
A: no striking features
a: no special abilities


You were on level 4 of the Dungeon.
You visited 1 branch of the dungeon, and saw 4 of its levels.

You collected 143 gold pieces.

Inventory:

Hand Weapons
 e - a +2 dagger of venom (weapon)
 y - a +2 quarterstaff of chaos
Armour
 b - a +0 robe (worn)
 c - a +0 hat (worn)
 z - a +1 cloak (worn)
Magical Staves
 B - a staff of fire
Jewellery
 k - a +6 ring of intelligence (left hand)
 l - a ring of flight
 r - a ring of poison resistance (right hand)
 u - a +5 ring of evasion
 v - a +6 ring of strength
Scrolls
 a - a scroll of teleportation {unknown}
 i - 2 scrolls of fog {unknown}
 n - 3 scrolls of immolation {unknown}
 p - a scroll of magic mapping {unknown}
 q - 4 scrolls of enchant armour {unknown}
 w - a scroll of enchant weapon {unknown}
 x - a scroll of poison {unknown}
 A - a scroll of blinking {unknown}
 D - a scroll of amnesia {unknown}
 E - a scroll of identify {unknown}
Potions
 d - a potion of magic
 f - a potion of invisibility {unknown}
 g - a potion of flight {unknown}
 h - 2 potions of haste {unknown}
 j - a potion of mutation {unknown}
 m - 2 potions of heal wounds
 o - 2 potions of degeneration {unknown}
 s - a potion of cancellation {unknown}
 t - 2 potions of might {unknown}
 C - 2 potions of curing {unknown}


   Skills:
 + Level 2.0 Fighting
 - Level 1.0 Armour
 - Level 3.0 Dodging
 - Level 3.0 Stealth
 * Level 7.7 Spellcasting
 + Level 3.6 Conjurations
 + Level 2.4 Summonings
 - Level 1.1 Translocations
 + Level 1.4 Fire Magic
 - Level 1.1 Air Magic
 - Level 1.0 Poison Magic


You had 13 spell levels left.
You knew the following spells:

 Your Spells              Type           Power      Damage    Failure   Level
a - Magic Dart            Conj           100%       1d8       1%          1
b - Mephitic Cloud        Conj/Pois/Air  21%        N/A       8%          3
c - Call Imp              Summ           23%        N/A       3%          2
d - Blink                 Tloc           32%        N/A       5%          2

Your spell library contained the following spells:

 Spells                   Type           Power      Damage    Failure   Level
 Summon Small Mammal      Summ           92%        N/A       1%          1
 Slow                     Hex            40%        N/A       5%          1
 Cigotuvi's Dreadful Rot  Necr/Pois/Air  28%        N/A       6%          2
 Call Canine Familiar     Summ           23%        N/A       6%          3
 Dazzling Flash           Conj/Hex       40%        N/A       8%          3
 Summon Guardian Golem    Hex/Summ       17%        N/A       10%         3
 Silence                  Hex/Air        6%         N/A       75%         5
 Agony                    Necr           10%        N/A       83%         5


Dungeon Overview and Level Annotations

Branches:
Dungeon (4/15)
 Temple: D:4-7

Altars:
Gozag
Hepliaklqana
Kikubaaqudgha
Ru
Trog
Yredelemnul


Message History

The black bear is almost dead.
The black bear is engulfed in noxious fumes.
The black bear appears confused.
An ogre comes into view. It is wielding a +0 giant club.
The black bear barely misses you. The black bear claws you.
* * * LOW HITPOINT WARNING * * *
The black bear claws you but does no damage.
The orc is engulfed in noxious fumes.
The orc appears confused.
You hit the black bear.
You kill the black bear!
Your Fighting skill increases to level 2!
You hit the orc.
The orc is moderately wounded.
The orc cries.
The orc barely misses the orc.
The orc completely misses you.
You hit the orc.
You kill the orc!
Casting: Mephitic Cloud (dangerous; 8% risk of failure)
Confirm with . or Enter, or press ? or * to list all spells.
Aiming: Mephitic Cloud (dangerous; 8% risk of failure)
Press: ? - help, Shift-Dir - straight line, f - orc
Aim: an orc, wielding a +0 club, wearing a +0 ring mail and carrying a wand of mindburst (6) (chance to affect: 96%)
The ball explodes into a vile cloud!
The stinking cloud engulfs the orc but does no damage.
The stinking cloud engulfs you but does no damage.
You hear an angry hiss.
The orc is engulfed in noxious fumes.
The orc appears confused.
The orc misses you.
You hit the orc.
The orc is poisoned.
The orc is lightly wounded.
The orc is engulfed in noxious fumes.
The orc appears confused.
The orc completely misses itself.
The ogre is engulfed in noxious fumes.
You hit the orc but do no damage.
The orc looks as sick as possible!
The orc is moderately wounded.
You kill the orc!
The ogre is engulfed in noxious fumes.
You barely miss the ogre.
The ogre is engulfed in noxious fumes.
The ogre appears confused.
The ogre hits you with a +0 giant club!!
You die...

..#.#...#.##.g.#.#
##.##.######
...#.#.#..##.'#.#+ ##..##.#
.####.#.....###...###...#..#
#.#.........8)........##
#...#...###...###...###
###.#..##.'#)#'h##..#
#.#.##. #.#...##.# #.#.#
##O##l..#.# #.#.#
##○@.##.?#.#
#.#.####.....####.#
#.#...............#
#..........########
############


You could see an ogre (confused).

Vanquished Creatures
  A black bear (D:4)
  An ogre (D:3)
  A scorpion (D:4)
  A hound (D:4)
  Crazy Yiuf (D:2)
  An orc priest (D:4)
  Jessica (D:2)
  An iguana (D:4)
  Terence (D:2)
  An orc wizard (D:3)
  A hound zombie (D:3)
  3 adders
  An ufetubus (D:4)
  An adder zombie (D:3)
  A worm (D:3)
  4 dart slugs
  18 orcs
  7 endoplasms
  2 giant cockroaches
  7 goblins
  12 hobgoblins
  13 jackals
  3 quokkas
  11 ball pythons
  4 bats
  3 frilled lizards (D:2)
  7 kobolds
  2 quokka zombies (D:3)
  7 rats
117 creatures vanquished.

Notes
Turn   | Place    | Note
-------+----------+-------------------------------------------
     0 | D:1      | pokeman the Deep Elf Hedge Wizard began the quest for the
                  | Orb.
     0 | D:1      | Reached XP level 1. HP: 10/10 MP: 7/7
   172 | D:1      | Reached XP level 2. HP: 15/15 MP: 7/9
   617 | D:1      | Reached skill level 5 in Spellcasting
   917 | D:1      | Reached XP level 3. HP: 20/20 MP: 5/11
   921 | D:1      | Learned a level 3 spell: Mephitic Cloud
   924 | D:1      | Learned a level 2 spell: Blink
   927 | D:1      | Learned a level 2 spell: Call Imp
  1412 | D:2      | Reached skill level 1 in Armour
  1510 | D:2      | Found a sacrificial altar of Ru.
  1558 | D:2      | Noticed Jessica
  1568 | D:2      | Killed Jessica
  1569 | D:2      | Reached skill level 1 in Fighting
  1569 | D:2      | Reached XP level 4. HP: 4/25 MP: 5/13
  1698 | D:2      | Noticed Terence
  1717 | D:2      | Killed Terence
  2247 | D:2      | Found a bloodstained altar of Trog.
  2403 | D:2      | Found a runed translucent door.
  2404 | D:2      | Noticed Crazy Yiuf
  2548 | D:2      | Killed Crazy Yiuf
  2549 | D:2      | Reached skill level 6 in Spellcasting
  2549 | D:2      | Reached XP level 5. HP: 29/29 MP: 5/15
  2641 | D:3      | Found a faded altar of an unknown god.
  2815 | D:3      | Found a basalt altar of Yredelemnul.
  2991 | D:3      | Reached skill level 1 in Air Magic
  3245 | D:3      | Reached skill level 1 in Poison Magic
  3493 | D:3      | Found a hazy altar of Hepliaklqana.
  3610 | D:3      | Found an opulent altar of Gozag.
  3730 | D:3      | Noticed an ogre
  3739 | D:3      | Killed an ogre
  3740 | D:3      | Reached XP level 6. HP: 18/34 MP: 10/17
  3895 | D:3      | Found an ancient bone altar of Kikubaaqudgha.
  4045 | D:4      | Reached skill level 7 in Spellcasting
  4951 | D:4      | Reached skill level 1 in Fire Magic
  4951 | D:4      | Reached XP level 7. HP: 38/39 MP: 11/20
  4971 | D:4      | Mangled by an ogre

Illustrated notes

Levels and vault maps discovered:
D:1:      psy_arrival_terrarium, layout_loops_ring, kennysheep_another_room,
          minmay_misc_feat_secret_circle
D:2:      layout_basic, basic_altar, grunt_decor_one_mirror, minmay_hexomino_r4,
          uniq_jessica, uniq_terence, uniq_crazy_yiuf_cottage
D:3:      layout_basic, mainiacjoe_overflow_catwalk, lemuel_round_altar,
          nicolae_yredelemnul_corpse_copse, marbit_many_paths,
          nicolae_ecumenical_snake_handling
D:4:      cheibrodos_barr_body, layout_basic, serial_rivers,
          chequers_serial_rivers_micro_c, chequers_serial_rivers_micro_b,
          chequers_serial_rivers_micro_a, chequers_serial_rivers_small_3,
          chequers_serial_rivers_small_3, chequers_serial_rivers_small_a,
          patterned_corridor

Skill      XL: |  1  2  3  4  5  6  7 |
---------------+----------------------+-----
Spellcasting   | 5 6 7 |  7.7
Armour         | 1 |  1.0
Conjurations   | 2 3 |  3.6
Fighting       | 1 2 |  2.0
Dodging        | 3 |  3.0
Stealth        | 3 |  3.0
Air Magic      | 1 |  1.1
Poison Magic   | 1 |  1.0
Summonings     | 2 |  2.4
Fire Magic     | 1 |  1.4
Translocations | |  1.1

Action                   |  1- 3 |  4- 6 |  7- 9 || total
-------------------------+-------+-------+-------++-------
Melee: Dagger            |    13 |    41 |    17 ||    71
 Cast: Magic Dart        |    89 |   161 |       ||   250
       Mephitic Cloud    |       |     6 |     2 ||     8
       Call Imp          |       |     2 |       ||     2
       Blink             |       |     1 |       ||     1
 Stab: Confused          |       |     1 |       ||     1
Armor: Robe              |     5 |     9 |     8 ||    22
Dodge: Dodged            |    15 |    39 |    13 ||    67

Table legend: (Time is in decaauts)
 A = Elapsed time spent in this place.
 B = Non-inter-level travel time spent in this place.
 C = Inter-level travel time spent in this place.
 D = Time resting spent in this place.
 E = Time spent auto-exploring this place.
 F = Levels seen in this place.
 G = Mean time per level.
                   A        B        C        D        E       F      G
               +--------+--------+--------+--------+--------+-----+--------+
         Total |   4984 |   4906 |     78 |    192 |   4125 |   4 | 1246.0 |
       Dungeon |   4984 |   4906 |     78 |    192 |   4125 |   4 | 1246.0 |
               +--------+--------+--------+--------+--------+-----+--------+

Top non-repeatable levels by time:
     D:1: 1376 daAuts
     D:3: 1294 daAuts
     D:2: 1268 daAuts
     D:4: 1044 daAuts
